 Dungeon Crawl Stone Soup version 0.25-a0-565-g8875c97ebb (webtiles) character file.

Game seed: 2285349514059556878, levelgen mode: deterministic

20501 Flugslaktarn the Cleaver (level 12, 31/118 HPs)
             Began as a Deep Dwarf Fighter on Feb 26, 2020.
             Was an Initiate of Gozag.
             Quit the game on level 13 of the Dungeon.
             The game lasted 00:07:15 (8964 turns).

Flugslaktarn the Cleaver (Deep Dwarf Fighter)       Turns: 8964, Time: 00:07:16

Health: 31/118     AC: 29    Str: 24    XL:     12   Next: 45%
Magic:  5/5        EV:  6    Int: 10    God:    Gozag
Gold:   730        SH: 12    Dex: 12    Spells: 11/11 levels left

rFire    . . .     SeeInvis +   h - +1 hand axe (elec)
rCold    . . .     Gourm    .   c - +0 kite shield
rNeg     . . .     Faith    .   I - +3 plate armour
rPois    .         Spirit   .   L - +2 helmet {SInv}
rElec    .         Reflect  .   n - +2 cloak
rCorr    .         Harm     .   E - +2 pair of gloves
MR       +....                  g - +0 pair of boots
Stlth    ..........             v - amulet of the acrobat
HPRegen  0.00/turn              (no ring)
MPRegen  0.09/turn              (no ring)

@: non-regenerating
A: damage resistance, heal wounds, sense surroundings 2, no regeneration
a: Heal Wounds, Potion Petition, Call Merchant, Bribe Branch, Renounce Religion


You were on level 13 of the Dungeon.
You worshipped Gozag.
Gozag was pleased with you.
You were not hungry.

You visited 1 branch of the dungeon, and saw 13 of its levels.
You also visited: Ossuary.

You collected 3270 gold pieces.
You spent 104 gold pieces at shops.
You paid 2436 gold pieces to Gozag.

Inventory:

Hand Weapons
 a - a +1 war axe
 h - a +1 hand axe of electrocution (weapon)
   (You found it on level 11 of the Dungeon)
 G - a +0 falchion of flaming
   (You took it off a big kobold on level 8 of the Dungeon)
Missiles
 K - 4 throwing nets (quivered)
Armour
 b - a scarf of resistance
   (You found it on level 9 of the Dungeon)
 c - a +0 kite shield (worn)
 g - a +0 pair of boots (worn)
   (You found it on level 5 of the Dungeon)
 n - a +2 cloak (worn)
   (You found it on level 5 of the Dungeon)
 D - cursed +0 swamp dragon scales
   (You took it off Maggie on level 7 of the Dungeon)
 E - a +2 pair of gloves (worn)
   (You found it on level 8 of the Dungeon)
 I - a +3 plate armour (worn)
   (You found it on level 9 of the Dungeon)
 L - a +2 helmet of see invisible (worn)
   (You found it on level 10 of the Dungeon)
Jewellery
 v - an amulet of the acrobat (around neck)
   (You found it on level 7 of the Dungeon)
 J - the macabre finger necklace {rN+}
   (You found it on level 9 of the Dungeon)

   [amulet of nothing]

   It protects you from negative energy.
Wands
 j - a wand of acid (6)
   (You found it on level 10 of the Dungeon)
 l - a wand of paralysis (9)
   (You found it on level 5 of the Dungeon)
 H - a wand of iceblast (5)
   (You found it on level 9 of the Dungeon)
Scrolls
 r - 3 scrolls of identify
 t - 3 scrolls of teleportation
 w - 8 scrolls of remove curse
 x - a scroll of enchant armour
 y - 2 scrolls of immolation
 z - a scroll of blinking
 N - a scroll of noise {unknown}
Potions
 d - 2 potions of might
 f - a potion of magic
 i - 2 potions of ambrosia
 k - a potion of degeneration {unknown}
 m - a potion of heal wounds
 o - a potion of mutation
 q - 5 potions of curing
 s - 4 potions of flight
 u - 2 potions of brilliance
 A - 2 potions of lignification
 B - a potion of stabbing {unknown}
 C - 3 potions of cancellation
 F - 2 potions of haste {unknown}
Comestibles
 e - 10 rations


   Skills:
 * Level 10.7 Fighting
 * Level 12.3 Axes
 + Level 9.5 Armour
 + Level 9.5 Shields
 + Level 9.5 Evocations


You had 11 spell levels left.
You didn't know any spells.
Your spell library was empty.

Dungeon Overview and Level Annotations

Branches:
Dungeon (13/15)            Temple (0/1) D:7            Lair (0/6) D:8
    Orc (0/2) D:10        Ossuary (visited)
 Vaults: D:13-14

Altars:
Dithmenos
Gozag
Hepliaklqana
Kikubaaqudgha
Makhleb
Okawaru
Qazlal
Ru
Sif Muna
Trog
Uskayaw
Wu Jian
Xom
Yredelemnul
Zin

Shops:
D:10 !   D:12 ([   D:13 %(

Portals:
Trove: D:12 (show slimy rune of Zot)

Annotations:
D:5 3 runed translucent doors, Irikuri's ghost, novice MiGl
D:12 1 runed translucent door, Gois's ghost, journeyman GrFi


Innate Abilities, Weirdness & Mutations

You are resistant to damage.
You can heal yourself by infusing magical energy.
You passively map the area around you.
You do not regenerate.


Message History

You are too injured to fight recklessly!
You are too injured to fight recklessly!
You are too injured to fight recklessly!
You are too injured to fight recklessly!
You are too injured to fight recklessly!
You are too injured to fight recklessly!
You are too injured to fight recklessly!
You are too injured to fight recklessly!
You are too injured to fight recklessly!
You are too injured to fight recklessly!
Unknown command.
Two slime creatures merge to form a very large slime creature.
You fail to use your ability.
A slime creature suddenly becomes a titanic slime creature.
You are too injured to fight recklessly!
You are too injured to fight recklessly!
You are too injured to fight recklessly!
You are too injured to fight recklessly!
You are too injured to fight recklessly!
Are you sure you want to abandon this character and quit the game? (Confirm with "yes".)

###########
#.....#...#
#.....#...#
#.....#..>#
#.....'...# ####
####+####J@.# ...#
#......##...# ...#
*#..........# ...#
#..........# ...#
#..........# ...#
#..........#
...######.##+###+##
####...##.#, ,, ,
...#......#,, ,


You could see a titanic slime creature.

Vanquished Creatures
  Fannar (D:12)
  2 hydras
  Pikel (D:7)
  A deep elf mage (D:13)
  An ugly thing (D:13)
  A manticore (D:11)
  Joseph (D:7)
  Maggie (D:7)
  3 centaur skeletons (D:10)
  A komodo dragon (D:12)
  5 yaktaurs (D:13)
  2 trolls
  A hornet (D:10)
  3 hippogriffs
  2 dream sheep (D:8)
  2 wraiths
  A wyvern (D:9)
  Eustachio (D:6)
  A steam dragon (D:8)
  14 yaks
  2 hungry ghosts (D:11)
  3 vampire mosquitoes (D:12)
  Menkaure (D:5)
  A water moccasin (D:8)
  6 sky beasts
  A slave (D:7)
  4 black bears
  3 orc warriors
  A phantom (D:9)
  A hornet zombie (D:6)
  5 ogres
  An eye of draining (D:9)
  3 ice beasts
  A necrophage (D:11)
  12 centaurs
  A wolf (shapeshifter) (D:13)
  2 crocodiles
  4 big kobolds
  10 bullfrogs
  2 water moccasin zombies (Ossuary)
  3 scorpions
  A wyvern skeleton (D:9)
  32 killer bees
  4 wights (D:8)
  5 howler monkeys
  7 crimson imps
  2 quasits
  3 bullfrog zombies
  2 centaur zombies
  2 gnoll shamans
  9 hounds
  5 jellies
  9 orc wizards
  3 bullfrog skeletons
  5 orc priests
  Crazy Yiuf (D:5)
  3 iguanas
  15 worker ants
  A killer bee zombie (D:7)
  4 big kobold zombies (Ossuary)
  3 hound skeletons
  2 mummies (Ossuary)
  2 worker ant zombies
  A howler monkey zombie (D:9)
  4 gnolls (D:9)
  14 adders
  3 shadow imps
  5 adder zombies
  An adder skeleton (D:8)
  A worm (D:5)
  2 leopard geckos (D:4)
  38 orcs
  3 bats
  A giant cockroach (D:1)
  A gnoll zombie (Ossuary)
  A goblin (D:1)
  2 hobgoblins (D:2)
  2 jackals (D:7)
  9 quokkas
  2 ball pythons
  A frilled lizard (D:1)
  A giant cockroach zombie (D:5)
  9 hobgoblin zombies (Ossuary)
  A jackal skeleton (D:4)
  8 kobolds
  6 kobold zombies (Ossuary)
  A leopard gecko skeleton (D:7)
  7 orc zombies (Ossuary)
  A quokka skeleton (D:9)
  A quokka zombie (D:8)
  6 rats
364 creatures vanquished.

Vanquished Creatures (others)
  An orc warrior (D:8)
  2 slaves (D:7)
  A bullfrog (D:8)
  A gnoll sergeant (D:8)
  3 orcs (D:8)
8 creatures vanquished.

Grand Total: 372 creatures vanquished

Notes
Turn   | Place    | Note
-------+----------+-------------------------------------------
     0 | D:1      | Flugslaktarn the Deep Dwarf Fighter began the quest for the
                  | Orb.
     0 | D:1      | Reached XP level 1. HP: 20/20 MP: 1/1
   231 | D:2      | Reached XP level 2. HP: 24/27 MP: 2/2
   323 | D:3      | Reached XP level 3. HP: 19/34 MP: 3/3
   331 | D:3      | Reached skill level 3 in Axes
   382 | D:4      | Noticed a bullfrog
   399 | D:4      | Killed a bullfrog
   399 | D:4      | Reached XP level 4. HP: 31/43 MP: 4/4
   469 | D:4      | Noticed a moth of wrath
   472 | D:4      | Found a bloodstained altar of Trog.
   568 | D:4      | Reached XP level 5. HP: 21/50 MP: 5/5
   627 | D:4      | Reached skill level 4 in Axes
   740 | D:4      | Found a hazy altar of Hepliaklqana.
   743 | D:4      | Found an ornate altar of the Wu Jian Council.
   790 | D:4      | Reached XP level 6. HP: 52/57 MP: 6/6
   847 | D:4      | Found a shadowy altar of Dithmenos.
   851 | D:4      | Found a shimmering blue altar of Sif Muna.
   851 | D:4      | Found an opulent altar of Gozag.
   854 | D:4      | Found a basalt altar of Yredelemnul.
   934 | D:4      | Reached skill level 5 in Axes
  1270 | D:4      | Became a worshipper of Gozag Ym Sagoz the Greedy
  1279 | D:5      | Entered Level 5 of the Dungeon
  1280 | D:5      | Found an ancient bone altar of Kikubaaqudgha.
  1284 | D:5      | Noticed Menkaure
  1300 | D:5      | Killed Menkaure
  1300 | D:5      | Reached XP level 7. HP: 42/66 MP: 5/5
  1494 | D:5      | Reached skill level 5 in Fighting
  1506 | D:5      | Found an iron altar of Okawaru.
  1695 | D:5      | Found a runed translucent door.
  1696 | D:5      | Noticed Crazy Yiuf
  1706 | D:5      | Killed Crazy Yiuf
  1841 | D:5      | Found a runed translucent gate.
  1843 | D:5      | Noticed Irikuri's ghost (novice MiGl)
  1844 | D:5      | Found a runed translucent gate.
  1845 | D:5      | Found a runed translucent gate.
  1890 | D:5      | Reached skill level 5 in Armour
  1890 | D:5      | Reached skill level 1 in Evocations
  1941 | D:5      | Reached skill level 5 in Shields
  2013 | D:6      | Noticed Eustachio
  2049 | D:6      | Killed Eustachio
  2049 | D:6      | Reached skill level 6 in Axes
  2134 | D:6      | Reached XP level 8. HP: 41/75 MP: 7/7
  2916 | D:7      | Reached skill level 7 in Axes
  3063 | D:7      | Found a staircase to the Ecumenical Temple.
  3130 | D:7      | Found a sand-covered staircase.
  3133 | D:7      | Noticed Joseph
  3154 | D:7      | Killed Joseph
  3154 | D:7      | Gained mutation: You passively map the area around you.
                  | [Deep Dwarf growth]
  3154 | D:7      | Reached XP level 9. HP: 34/85 MP: 7/9
  3166 | Ossuary  | Entered an ossuary
  3583 | D:7      | Noticed Pikel
  3606 | D:7      | Killed Pikel
  3606 | D:7      | Reached skill level 8 in Axes
  3666 | D:7      | Noticed Maggie
  3673 | D:7      | Found a burning altar of Makhleb.
  3706 | D:7      | Killed Maggie
  3706 | D:7      | Reached skill level 5 in Evocations
  3943 | D:8      | Found a staircase to the Lair.
  4147 | D:8      | Found a stormy altar of Qazlal.
  4214 | D:8      | Found a shimmering altar of Xom.
  4267 | D:8      | Reached XP level 10. HP: 78/96 MP: 9/9
  4268 | D:8      | Reached skill level 9 in Axes
  4510 | D:8      | Found a hide-covered altar of Uskayaw.
  4699 | D:8      | Noticed a two-headed hydra
  4702 | D:8      | Killed a one-headed hydra
  5074 | D:9      | Found a sacrificial altar of Ru.
  5142 | D:9      | Reached skill level 10 in Axes
  5359 | D:9      | Found the macabre finger necklace {rN+}
  5626 | D:9      | Reached XP level 11. HP: 59/106 MP: 9/9
  6003 | D:10     | Entered Level 10 of the Dungeon
  6183 | D:10     | Found a staircase to the Orcish Mines.
  6218 | D:10     | Paralysed by a hornet for 1 turns
  6400 | D:10     | Found Teale's Distillery.
  6469 | D:10     | Bought a potion of cancellation for 104 gold pieces
  6603 | D:10     | Got a slimy hand axe
  6604 | D:10     | Identified the cursed +0 hand axe of Turmoil {venom, Dex+4}
                  | (You found it on level 10 of the Dungeon)
  6813 | D:10     | Found a glowing silver altar of Zin.
  6990 | D:11     | Reached skill level 11 in Axes
  7513 | D:11     | Reached skill level 10 in Fighting
  7665 | D:12     | Noticed Fannar
  7679 | D:12     | Killed Fannar
  7691 | D:12     | Found a portal to a secret trove of treasure.
  7724 | D:12     | Reached XP level 12. HP: 102/116 MP: 5/5
  7808 | D:12     | Found Xudghaell's Armour Emporium.
  8139 | D:12     | Found a runed translucent door.
  8139 | D:12     | Noticed Gois's ghost (journeyman GrFi)
  8582 | D:13     | Reached skill level 12 in Axes
  8815 | D:13     | Noticed an eight-headed hydra
  8835 | D:13     | Killed a 14-headed hydra
  8964 | D:13     | Quit the game

Levels and vault maps discovered:
D:1:      minmay_arrival_open_corners, layout_basic, feat_on_display
D:2:      layout_loops_ring, uniq_jessica, uniq_robin, uniq_terence
D:3:      layout_rooms, first_ration
D:4:      minmay_chambers_of_threes, layout_loops_corners,
          grunt_temple_overflow_open, minitemple, serial_glass, glass_columns_b,
          glass_columns_a, glass_columns_a, glass_columns_c, glass_columns_a,
          glass_columns_c, minmay_strange_pillars, item_on_display_a,
          feat_on_display, tgw_trog
D:5:      layout_loops_cross, kiku_gazebo_garden_becter, lemuel_doored_altar,
          ebering_ghost_rock_garden, uniq_crazy_yiuf_cottage, uniq_menkaure
D:6:      layout_gridville, uniq_eustachio
D:7:      layout_rooms, lemuel_coloured_pillars_altar, minmay_temple_entry_tees,
          enter_ossuary_1, grunt_ministairs_4, uniq_maggie, uniq_joseph,
          uniq_pikel
D:8:      layout_loops_ring, kennysheep_mini, grunt_qazlal_sundering,
          xom_confusion_cloud, lair_entry_dummy, hangedman_ranch
          [blue_anna_fruit_fields]
D:9:      layout_loops_corners, nicolae_ru_the_path_less_chosen,
          onia_ninara_cookie
D:10:     layout_small_grid, orc_0_dummy, serial_shops,
          nicolae_shop_window_shopping, basic_altar
D:11:     layout_gridville, minmay_door_square
D:12:     layout_long_grid, enter_trove_2, serial_shops,
          nicolae_shop_waterfront, ebering_ghost_inner_flame, uniq_fannar
D:13:     layout_gridville

Skill      XL: |  1  2  3  4  5  6  7  8  9 10 11 12 |
---------------+-------------------------------------+-----
Fighting       | 3 4 5 6 7 9 10 | 10.7
Axes           | 3 4 5 6 7 8 10 11 12 | 12.3
Armour         | 4 5 6 7 9 |  9.5
Shields        | 4 5 6 8 9 |  9.5
Evocations     | 2 4 5 7 8 9 |  9.5

Action                   |  1- 3 |  4- 6 |  7- 9 | 10-12 || total
-------------------------+-------+-------+-------+-------++-------
Melee: War axe           |    82 |   124 |   593 |   582 ||  1381
       Unarmed           |       |       |     2 |       ||     2
       Falchion          |       |       |       |    11 ||    11
       Hand axe          |       |       |       |   383 ||   383
Invok: Call Merchant     |       |       |       |     3 ||     3
 Abil: Heal Wounds       |     2 |    11 |    15 |    22 ||    50
Evoke: Wand              |       |       |       |     2 ||     2
  Use: Scroll            |       |       |       |    18 ||    18
 Stab: Distracted        |       |       |     1 |     7 ||     8
       Confused          |       |       |     2 |       ||     2
  Eat: Chunk             |       |     1 |       |       ||     1
       Ration            |       |       |     3 |     7 ||    10
Armor: Scale mail        |    47 |    37 |   284 |    79 ||   447
       Plate armour      |       |       |       |   561 ||   561
Dodge: Dodged            |    41 |    33 |   184 |   189 ||   447
Block: Kite shield       |    56 |    77 |   351 |   593 ||  1077

Table legend:
 A = Non-vault XP
 B = Vault XP
 C = Vault XP percentage of total XP
 D = Non-vault monster count
 E = Vault monster count
 F = Vault count percentage of total count
                 A         B        C        D         E       F
            +---------+---------+-------+---------+---------+-------
      Total |   22067 |    7221 |  24.7 |     277 |      86 |  23.7
            +---------+---------+-------+---------+---------+-------
        D:1 |       9 |       0 |   0.0 |       6 |       0 |   0.0
        D:2 |      19 |       0 |   0.0 |       4 |       0 |   0.0
        D:3 |      56 |       0 |   0.0 |       7 |       0 |   0.0
        D:4 |     340 |     243 |  41.7 |      15 |      14 |  48.3
        D:5 |     265 |     209 |  44.1 |      16 |       2 |  11.1
        D:6 |     850 |     196 |  18.7 |      23 |       1 |   4.2
        D:7 |     325 |    1664 |  83.7 |       8 |       5 |  38.5
        D:8 |    1396 |    2444 |  63.6 |      27 |      12 |  30.8
        D:9 |    1854 |    1134 |  38.0 |      34 |      16 |  32.0
       D:10 |    3885 |       0 |   0.0 |      40 |       0 |   0.0
       D:11 |    5187 |       0 |   0.0 |      50 |       0 |   0.0
       D:12 |    2654 |     981 |  27.0 |      23 |       1 |   4.2
       D:13 |    5227 |       0 |   0.0 |      24 |       0 |   0.0
    Ossuary |       0 |     350 | 100.0 |       0 |      35 | 100.0
            +---------+---------+-------+---------+---------+-------
